 Dungeon Crawl Stone Soup version 0.28.0 (webtiles) character file.

Game seed: 10256571323020866022

4 SnakkuSnakku7 the Ducker (level 1, -1/18 HPs)
             Began as a Djinni Gladiator on Feb 10, 2022.
             Slain by a worm (9 damage)
             ... on level 2 of the Dungeon.
             The game lasted 00:00:14 (124 turns).

SnakkuSnakku7 the Ducker (Djinni Gladiator)          Turns: 124, Time: 00:00:15

Health: -1/18      AC:  4    Str: 13    XL:     1   Next: 66%
Gold:   15         EV: 12    Int:  9    God:
                   SH:  0    Dex: 14

rFire   + + .      SeeInvis .   a - +0 quarterstaff
rCold   x . .      Faith    .   (shield currently unavailable)
rNeg    . . .      Spirit   .   b - +0 leather armour
rPois   ∞          Reflect  .   c - +0 helmet
rElec   .          Harm     .   (no cloak)
rCorr   .          Rampage  .   (no gloves)
Will    .....                   (boots unavailable)
Stlth   +.........              (no amulet)
HPRegen 0.06/turn               (no ring)
MPRegen 0.00/turn               (no ring)

@: flying
A: sickness immunity, fire resistance 2, cold vulnerability 1, float, innate
caster, HP casting, extra vitality 1
a: no special abilities


You were on level 2 of the Dungeon.
You visited 1 branch of the dungeon, and saw 2 of its levels.

You collected 15 gold pieces.

Inventory:

Hand Weapons
 a - a +0 quarterstaff (weapon)
Missiles
 d - 3 throwing nets (quivered)
Armour
 b - a +0 leather armour (worn)
 c - a +0 helmet (worn)
Scrolls
 e - a scroll of teleportation {unknown}


   Skills:
 - Level 2.0 Fighting
 - Level 2.6 Staves
 - Level 1.5 Throwing
 - Level 3.2 Dodging
 + Level 0.7 Spellcasting


You had one spell level left.
You didn't know any spells.
Your spell library was empty.

Dungeon Overview and Level Annotations

Branches:
Dungeon (1/15)

Altars:


Innate Abilities, Weirdness & Mutations

You are immune to sickness and miasma.
You are immune to poison.
Your flesh is very heat resistant. (rF++)
You are vulnerable to cold. (rC-)
You float through the air rather than walking.
You learn spells naturally, not from books.
Your magical power is your life essence.
You have superior vitality. (+4 MHP)


Message History

You kill the ball python!
The hobgoblin closely misses you.
You barely miss the hobgoblin. The hobgoblin completely misses you.
The hobgoblin hits you but does no damage.
You hit the hobgoblin.
You kill the hobgoblin!
You see here a hobgoblin corpse.
You reach down and open the door.
A rat comes into view.
A rat is nearby!
A rat is nearby!
You hit the rat.
You kill the rat!
There is an open door here.
You see here a rat corpse.
You reach down and open the door.
There is an open door here.
You reach down and open the door.
You reach down and open the door.
There is an open door here.
A sourceless malevolence fills the Dungeon...
You are sucked into a shaft and drop 1 floor!
The shaft crumbles and collapses.
Found a club and 15 gold pieces.
Found 20 bolts.
You now have 15 gold pieces.
HP restored.
A worm comes into view.
A hobgoblin comes into view.
The hobgoblin shouts!
You barely miss the worm. You barely miss the worm. The worm bites you.
You barely miss the worm. The worm bites you.
You hit the worm.
The worm is lightly wounded.
You completely miss the worm.
The worm is lightly wounded.
The worm bites you!
Ouch! That really hurt!
You die...

### ... ... #.# #.# #g#
#w# .. ... #@# .. ##....
#.# ..##...#.# #.#
.#......#
####.##.########.......#
..............#.........
...........##.#.........
####.#####..............
#. #.##.##.....).. #
#.##.###.....##


You could see a worm and a hobgoblin.

Vanquished Creatures
  A goblin (D:1)
  A hobgoblin (D:1)
  A ball python (D:1)
  A rat (D:1)
4 creatures vanquished.

Notes
Turn   | Place    | Note
-------+----------+-------------------------------------------
     0 | D:1      | SnakkuSnakku7 the Djinni Gladiator began the quest for the
                  | Orb.
     0 | D:1      | Reached XP level 1. HP: 18/18 MP: 0/0
    99 | D:1      | You are sucked into a shaft and drop 1 floor!
   124 | D:2      | Slain by a worm

Illustrated notes

Levels and vault maps discovered:
D:1:      amcnicky_arrival_single_pillar, layout_basic, moated_statue
D:2:      kennysheep_big_flooded_room, layout_loops_ring

Action                   || total
-------------------------++-------
Melee: Quarterstaff      ||    12
Armor: Leather armour    ||     2
Dodge: Dodged            ||     7
